 Dungeon Crawl Stone Soup version 0.23.1 (webtiles) character file.

Game seed: 0

4686 PikkenKukken the Cleaver (level 10, -5/77 HPs)
             Began as a Formicid Abyssal Knight on Mar 12, 2019.
             Was an Elder of Lugonu.
             Killed by refrigeration
             ... invoked by Fannar
              (20 damage)
             ... on level 10 of the Dungeon on Mar 13, 2019.
             The game lasted 00:18:01 (9856 turns).

PikkenKukken the Cleaver (Formicid Abyssal Knight)  Turns: 9856, Time: 00:18:02

Health: -5/77      AC:  9    Str: 19    XL:     10   Next: 72%
Magic:  15/15      EV:  8    Int: 12    God:    Lugonu [****..]
Gold:   335        SH: 16    Dex: 15    Spells: 9/9 levels left

rFire    . . .     SeeInvis +   d - +1 hand axe (elec)
rCold    . . .     Gourm    .   l - +1 large shield
rNeg     . . .     Faith    .   s - +0 plate armour
rPois    .         Spirit   .   (helmet unavailable)
rElec    .         Reflect  .   (no cloak)
rCorr    .         Harm     .   x - +2 pair of gloves
MR       +....                  k - +0 pair of boots
Stlth    ..........             w - amulet of regeneration
HPRegen  0.62/turn              m - +4 ring of dexterity
MPRegen  0.14/turn              a - +3 ring of evasion

@: corroded
A: permanent stasis, dig shafts and tunnels, four strong arms, antennae 3
a: Dig, Shaft Self, Depart the Abyss, Bend Space, Banish, Corrupt, Renounce
Religion


You were on level 10 of the Dungeon.
You worshipped Lugonu.
Lugonu was greatly pleased with you.
You were not hungry.

You visited 1 branch of the dungeon, and saw 10 of its levels.
You visited the Abyss 1 time.

You collected 335 gold pieces.

Inventory:

Hand Weapons
 b - a +0 morningstar
 d - a +1 hand axe of electrocution (weapon)
Armour
 k - a +0 pair of boots (worn)
 l - a +1 large shield (worn)
 s - a +0 plate armour (worn)
 x - a +2 pair of gloves (worn)
Jewellery
 a - a +3 ring of evasion (right hand)
 f - an uncursed ring of positive energy
 j - an uncursed ring of resist corrosion
 m - a +4 ring of dexterity (left hand)
 w - an amulet of regeneration (around neck)
Wands
 e - a wand of polymorph (11)
 g - a wand of random effects (9)
 i - a wand of acid (5)
 y - a wand of paralysis (6)
Scrolls
 h - 2 scrolls of identify
 u - 2 scrolls of fog
 v - a scroll of enchant armour
 z - 3 scrolls of remove curse
 C - a scroll of fear
Potions
 n - 2 potions of ambrosia
 o - a potion of mutation {unknown}
 p - 3 potions of curing
 q - 5 potions of heal wounds
 r - 3 potions of flight
 t - 2 potions of brilliance
 A - 2 potions of haste {unknown}
Comestibles
 c - 11 rations
 B - 4 chunks of flesh


   Skills:
 + Level 6.9 Fighting
 * Level 8.2 Axes
 + Level 6.3 Armour
 + Level 5.0 Dodging
 + Level 5.9 Shields
 + Level 7.0 Invocations
 + Level 3.5 Evocations


You had 9 spell levels left.
You didn't know any spells.
Your spell library contained the following spells:

 Spells                   Type           Power        Failure   Level  Hunger
 Infusion                 Chrm           #...         100%        1    ##.....
 Shroud of Golubria       Chrm/Tloc      #.........   100%        2    ###....
 Song of Slaying          Chrm           #.......     100%        2    ###....
 Regeneration             Chrm/Necr      #.........   100%        3    ####...
 Spectral Weapon          Hex/Chrm       #.......     100%        3    ####...


Dungeon Overview and Level Annotations

Branches:
Dungeon (10/15)            Temple (0/1) D:7
   Lair: D:8-11         Orc: D:9-12

Altars:
Dithmenos
Elyvilon
Gozag
Kikubaaqudgha
Okawaru
Sif Muna
Trog
Yredelemnul
Zin

Annotations:
D:2 1 runed translucent door, Crazy Yiuf, Sigmund
D:10 Fannar


Innate Abilities, Weirdness & Mutations

You cannot be hasted, slowed, berserked, paralysed or teleported.
You can dig through walls and to a lower floor.
Your four strong arms can wield two-handed weapons with a shield.
You have a pair of large antennae on your head. (SInv)


Message History

Your shield and plate armour prevent you from hitting Fannar.
Fannar is moderately wounded.
You miss Fannar.
Fannar is moderately wounded.
Your hearing returns.
You block Fannar's attack.
Unknown command.
You closely miss Fannar.
Fannar is moderately wounded.
Fannar murmurs some mystic words to himself.
Fannar hits you with an uncursed staff of cold.
Fannar freezes you!
* * * LOW HITPOINT WARNING * * *
Unknown command.
Your plate armour prevents you from hitting Fannar.
Fannar is moderately wounded.
Fannar casts a spell.
Fannar drains the heat from the surrounding environment!
You feel very cold.
You die...

#.# #.# ### ##. #.#
##.###.. ##.. ##.#
#....... ....## #..#
#.......
#..###..####.......
#.......##...<#.).
.######..........###....
.................##....#
.......@..###...........
......e...##...#........
.....###..##..###..###..
.... ##.#..## #...###.
... #.... ...... . ..
#...# #...... # . #....
..###..# .##....# ..#


You could see Fannar.

Vanquished Creatures
  Erolcha (D:10)
  Grinder (D:5)
  A hippogriff (D:8)
  2 wyverns (D:8)
  Grum (D:9)
  A human (D:8)
  An orc warrior (D:8)
  2 phantoms
  2 ice beasts
  3 sky beasts
  2 wolves (D:9)
  3 centaurs
  3 ogres
  3 big kobolds
  3 bullfrogs
  A gnoll sergeant (D:8)
  A wyvern skeleton (D:9)
  3 wights (D:9)
  A crimson imp (D:8)
  3 orc priests
  A bullfrog skeleton (D:5)
  2 hounds
  2 orc wizards
  A jelly (D:10)
  Jessica (D:2)
  3 centaur skeletons
  Terence (D:2)
  3 iguanas
  7 worker ants
  A killer bee zombie (D:9)
  A worker ant zombie (D:5)
  A howler monkey zombie (D:6)
  7 gnolls
  11 adders
  2 shadow imps
  An adder zombie (D:9)
  An ooze (D:2)
  2 adder skeletons
  2 worms
  4 leopard geckos
  21 orcs
  6 giant cockroaches
  5 goblins
  7 hobgoblins
  7 jackals
  2 quokkas
  6 bats
  7 frilled lizards
  21 kobolds
  A leopard gecko skeleton (D:5)
  5 rats
180 creatures vanquished.

Vanquished Creatures (others)
  A withered plant (D:8)
1 creature vanquished.

Grand Total: 181 creatures vanquished

Notes
Turn   | Place    | Note
-------+----------+-------------------------------------------
     0 | Abyss:1  | PikkenKukken the Formicid Abyssal Knight began the quest
                  | for the Orb.
     0 | Abyss:1  | Reached XP level 1. HP: 18/18 MP: 2/2
     6 | Abyss:1  | Found a corrupted altar of Lugonu.
    45 | Abyss:1  | Noticed a small abomination
    46 | D:1      | Escaped the Abyss
   208 | D:1      | Reached * piety under Lugonu
   224 | D:1      | Reached skill level 1 in Dodging
   228 | D:1      | Reached XP level 2. HP: 11/24 MP: 3/3
   661 | D:1      | Reached XP level 3. HP: 29/29 MP: 4/4
  1089 | D:2      | Reached XP level 4. HP: 23/37 MP: 4/6
  1398 | D:2      | Noticed Terence
  1441 | D:2      | Killed Terence
  1441 | D:2      | Reached skill level 3 in Axes
  1759 | D:2      | Reached XP level 5. HP: 36/42 MP: 7/7
  1781 | D:2      | Noticed Sigmund
  2019 | D:2      | Noticed Jessica
  2028 | D:2      | Killed Jessica
  2123 | D:2      | Found a runed translucent door.
  2124 | D:2      | Noticed Crazy Yiuf
  2292 | D:2      | Found an iron altar of Okawaru.
  2723 | D:2      | Noticed an angel
  2724 | D:2      | Found a glowing silver altar of Zin.
  2963 | D:3      | Reached ** piety under Lugonu
  3181 | D:3      | Found a basalt altar of Yredelemnul.
  3246 | D:3      | Found a shadowy altar of Dithmenos.
  3365 | D:4      | Noticed an ogre
  3369 | D:4      | Killed an ogre
  3369 | D:4      | Reached skill level 1 in Shields
  3369 | D:4      | Reached XP level 6. HP: 29/48 MP: 8/8
  3522 | D:4      | Reached skill level 4 in Axes
  3609 | D:4      | Found a bloodstained altar of Trog.
  4198 | D:5      | Entered Level 5 of the Dungeon
  4597 | D:5      | Reached XP level 7. HP: 49/55 MP: 9/9
  4788 | D:5      | Found an opulent altar of Gozag.
  5278 | D:5      | Noticed Grinder
  5306 | D:5      | Killed Grinder
  5306 | D:5      | Reached skill level 5 in Axes
  5306 | D:5      | Reached XP level 8. HP: 34/61 MP: 11/11
  5398 | D:5      | Reached skill level 5 in Fighting
  6206 | D:6      | Reached skill level 5 in Invocations
  6553 | D:6      | Reached skill level 6 in Axes
  6554 | D:6      | Reached XP level 9. HP: 23/68 MP: 12/12
  7180 | D:7      | Found a staircase to the Ecumenical Temple.
  7192 | D:7      | Reached skill level 5 in Armour
  7413 | D:7      | Found a white marble altar of Elyvilon.
  7555 | D:7      | Found a deep blue altar of Sif Muna.
  7995 | D:8      | Reached *** piety under Lugonu
  8080 | D:8      | Noticed a hippogriff
  8117 | D:8      | Killed a hippogriff
  8117 | D:8      | Reached skill level 1 in Evocations
  8157 | D:8      | Found an ancient bone altar of Kikubaaqudgha.
  8341 | D:8      | Got an ivory rapier
  8343 | D:8      | Identified the cursed +1 rapier "Fatewnoy" {drain, +Blink
                  | rElec Str+4} (You found it on level 8 of the Dungeon)
  8377 | D:8      | Reached skill level 7 in Axes
  8881 | D:8      | Reached skill level 5 in Shields
  8881 | D:8      | Reached XP level 10. HP: 54/76 MP: 14/14
  9215 | D:9      | Reached **** piety under Lugonu
  9295 | D:9      | Noticed Grum
  9327 | D:9      | Killed Grum
  9800 | D:10     | Entered Level 10 of the Dungeon
  9800 | D:10     | Noticed Erolcha
  9812 | D:10     | Killed Erolcha
  9812 | D:10     | Reached skill level 8 in Axes
  9812 | D:10     | Reached skill level 5 in Dodging
  9828 | D:10     | Noticed Fannar
  9856 | D:10     | Killed from afar by Fannar

Skill      XL: |  1  2  3  4  5  6  7  8  9 10 |
---------------+-------------------------------+-----
Dodging        | 1 2 3 4 5 |  5.0
Axes           | 3 4 5 6 7 8 |  8.2
Invocations    | 3 4 5 6 7 |  7.0
Fighting       | 4 5 6 |  6.9
Armour         | 3 4 5 6 |  6.3
Shields        | 1 2 3 5 |  5.9
Evocations     | 2 3 |  3.5

Action                   |  1- 3 |  4- 6 |  7- 9 | 10-12 || total
-------------------------+-------+-------+-------+-------++-------
Melee: Hand axe          |    66 |   229 |   496 |   163 ||   954
Invok: Depart the Abyss  |     1 |       |       |       ||     1
 Abil: Dig               |       |       |     4 |       ||     4
Evoke: Wand              |       |       |     3 |       ||     3
  Use: Scroll            |     4 |     4 |    12 |     1 ||    21
       Potion            |       |     3 |       |       ||     3
 Stab: Distracted        |       |       |     1 |       ||     1
  Eat: Chunk             |       |    12 |    11 |     4 ||    27
       Ration            |       |       |     1 |       ||     1
Armor: Leather armour    |    17 |     3 |       |       ||    20
       Skin              |       |    13 |       |       ||    13
       Chain mail        |       |   105 |   172 |       ||   277
       Plate armour      |       |       |    50 |    32 ||    82
Dodge: Dodged            |    50 |    88 |   130 |    24 ||   292
Block: Large shield      |       |       |   100 |   131 ||   231
